 Dungeon Crawl Stone Soup version 0.29.1 (webtiles) character file.

Game seed: 2094533646131945348

78 raistware the Conjurer (level 4, 0/40 HPs)
             Began as an Octopode Conjurer on Sept 14, 2022.
             Slain by a gnoll
             ... wielding a +0 club
              (4 damage)
             ... on level 2 of the Dungeon.
             The game lasted 00:02:56 (1913 turns).

raistware the Conjurer (Octopode Conjurer)          Turns: 1913, Time: 00:02:57

Health: 0/40       AC: 22    Str:  6    XL:     4   Next: 36%
Magic:  5/10       EV:  2    Int: 22    God:
Gold:   48         SH:  0    Dex: 10    Spells: 10/11 levels left

rFire   . . .      SeeInvis .   (no weapon)
rCold   . . .      Faith    .   (no shield)
rNeg    . . .      Spirit   .   (helmet currently unavailable)
rPois   +          Reflect  .   (no amulet)
rElec   .          Harm     .   (no ring)
rCorr   .          Rampage  .   (no ring)
Will    .....      NoTele   +   (no ring)
Stlth   ++........              (no ring)
HPRegen 0.13/turn               (no ring)
MPRegen 0.12/turn               (no ring)
                                (no ring)
                                (no ring)

@: tree-form
A: stationary, stasis, torment immunity, boosted hp, almost no armour,
(amphibious), 8 rings, (camouflage 1), (gelatinous body 1), (nimble swimmer 1),
(tentacles)
a: no special abilities


You were on level 2 of the Dungeon.
You were a tree.
You visited 1 branch of the dungeon, and saw 2 of its levels.

You collected 48 gold pieces.

Inventory:

Missiles
 j - 4 poisoned darts
Scrolls
 c - a scroll of enchant weapon {unknown}
 d - 2 scrolls of poison {unknown}
 e - a scroll of teleportation {unknown}
 g - a scroll of enchant armour {unknown}
 i - a scroll of amnesia {unknown}
 k - 2 scrolls of identify {unknown}
 l - a scroll of vulnerability {unknown}
Potions
 a - a potion of magic
 b - a potion of lignification
 f - a potion of invisibility {unknown}
 h - a potion of curing {unknown}
 m - a potion of degeneration {unknown}


   Skills:
 - Level 2.0 Dodging
 - Level 2.6 Stealth
 - Level 4.0 Spellcasting
 - Level 4.0 Conjurations
 + Level 1.1 Translocations


You had 10 spell levels left.
You knew the following spells:

 Your Spells              Type           Power      Damage    Failure   Level
a - Magic Dart            Conj           88%        1d7       2%          1

Your spell library contained the following spells:

 Spells                   Type           Power      Damage    Failure   Level
 Searing Ray              Conj           44%        2d6       3%          2
 Dazzling Flash           Conj/Hex       26%        N/A       14%         3
 Sublimation of Blood     Necr           4%         N/A       17%         2
 Iskenderun's Mystic Bla  Conj/Tloc      15%        2d5       36%         4
 Fulminant Prism          Conj/Hex       6%         3d7       43%         4
 Petrify                  Tmut/Erth      4%         N/A       73%         4
 Irradiate                Conj/Tmut      6%         3d13      80%         5


Dungeon Overview and Level Annotations

Branches:
Dungeon (2/15)

Altars:


Innate Abilities, Weirdness & Mutations

You are a tree.
Your roots penetrate the ground, keeping you stationary.
You cannot be teleported.
You are immune to unholy pain and torment.
Your maximum health is greatly increased.
You cannot wear most types of armour.
((You are amphibious.))
You can wear up to eight rings at the same time.
((Your skin changes colour to match your surroundings (Stealth+).))
((Your rubbery body absorbs attacks. (AC +1, EV +1)))
((You are camouflaged when in or above water. (Stealth+)))
((You have tentacles for arms and can constrict up to eight enemies at once.))


Message History

The gnoll is almost dead.
The gnoll misses you.
Casting: Magic Dart (safe; 2% risk of failure)
Confirm with . or Enter, or press ? or * to list all spells.
Aiming: Magic Dart (safe; 2% risk of failure)
Press: ? - help, Shift-Dir - straight line, f/p - gnoll
Aim: a gnoll, wielding a +0 spear (severely wounded, 100% to hit)
The magic dart hits the gnoll.
The gnoll is almost dead.
The gnoll hits you from afar with a +0 spear.
* * * LOW HITPOINT WARNING * * *
Unknown command.
Casting: Magic Dart (safe; 2% risk of failure)
Confirm with . or Enter, or press ? or * to list all spells.
Aiming: Magic Dart (safe; 2% risk of failure)
Press: ? - help, Shift-Dir - straight line, f/p - gnoll
Aim: a gnoll, wielding a +0 spear (almost dead, 100% to hit)
The magic dart hits the gnoll but does no damage.
The gnoll is almost dead.
The gnoll hits you from afar with a +0 spear.
* * * LOW HITPOINT WARNING * * *
There is an open door here.
Casting: Magic Dart (safe; 2% risk of failure)
Confirm with . or Enter, or press ? or * to list all spells.
Aiming: Magic Dart (safe; 2% risk of failure)
Press: ? - help, Shift-Dir - straight line, f/p - gnoll
Aim: a gnoll, wielding a +0 spear (almost dead, 100% to hit)
The magic dart hits the gnoll.
You kill the gnoll!
Your Translocations skill increases to level 1!
It was a potion of lignification.
You turn into a tree.
Your roots penetrate the ground.
You barely miss the gnoll. The gnoll hits you but does no damage.
You hit the gnoll.
The gnoll is heavily wounded.
The gnoll hits you but does no damage.
You hit the gnoll but do no damage.
The gnoll is heavily wounded.
The gnoll hits you with a +0 club.
You die...

#####.### #......#.## #.#
##.#####.# #.# ### #.# #.#
##'## #.# ##...## # #.####
##.....## ## #.##.##
##.......##
.#########.#...####.........#
................♣gg÷........+
.######.##.#...####.........#
## #.##.#..## ##.......## #
#.##...## ##.....## #.####.#
#####...## #.# #.# #.......#
#.####.# #.####..# #......#
#.# #..# ######.# #.# ##..##


You could see 2 gnolls.

Vanquished Creatures
  2 gnolls (D:2)
  3 adders (D:2)
  6 bats
  2 endoplasms (D:1)
  2 giant cockroaches (D:1)
  2 goblins (D:1)
  3 hobgoblins (D:1)
  A quokka (D:2)
  3 ball pythons (D:1)
  3 frilled lizards (D:1)
  2 kobolds (D:1)
  5 rats (D:1)
34 creatures vanquished.

Notes
Turn   | Place    | Note
-------+----------+-------------------------------------------
     0 | D:1      | raistware the Octopode Conjurer began the quest for the
                  | Orb.
     0 | D:1      | Reached XP level 1. HP: 11/11 MP: 3/3
   318 | D:1      | Reached XP level 2. HP: 11/17 MP: 0/5
   972 | D:1      | Reached XP level 3. HP: 21/21 MP: 2/7
  1837 | D:2      | Reached XP level 4. HP: 27/27 MP: 3/10
  1910 | D:2      | Reached skill level 1 in Translocations
  1913 | D:2      | Slain by a gnoll

Illustrated notes

Levels and vault maps discovered:
D:1:      sevenhm_arrival_forest_fort_large_4, layout_loops_ring
D:2:      layout_loops_corners, st_stairs_11

Skill      XL: |  1  2  3  4 |
---------------+-------------+-----
Spellcasting   | 3 4 |  4.0
Translocations | 1 |  1.1
Dodging        | |  2.0
Stealth        | |  2.6
Conjurations   | |  4.0

Action                   |  1- 3 |  4- 6 || total
-------------------------+-------+-------++-------
Melee: Unarmed           |     8 |     6 ||    14
       Tentacles         |     4 |     2 ||     6
       Constrict         |     1 |     1 ||     2
Throw: Dart              |       |     1 ||     1
 Cast: Magic Dart        |    56 |     7 ||    63
  Use: Potion            |       |     1 ||     1
Armor: Skin              |     1 |    11 ||    12
Dodge: Dodged            |     8 |    17 ||    25
